Map: [ESL] Hard Lead

Players

Bunny - Winner!

  • Race: Terran Terran
  • Spawn Location: 5:00

Harstem

  • Race: Protoss Protoss
  • League: Master
  • Spawn Location: 11:00

Event: IEM Katowice 2024

VOD

Have the link to the VOD?

Description

Time

  • Played on: Dec. 9, 2023, 8:16 p.m.
  • Length: 7:21

All games in this series

Show
View Real Time Build Order
Export as new Build Order

Bunny Terran - Winner!

Build Orders: Reaper Expand 

Get SALT Encoding   

  12  0:00  SCV  
  13  0:12  SCV  
  14  0:17  Supply Depot  
  14  0:25  SCV  
  15  0:38  SCV  
  15  0:40  Barracks  
  15  0:42  Refinery  
  16  0:51  SCV  
  17  1:03  SCV  
  18  1:15  SCV  
  19  1:27  Orbital Command, Reaper  
  20  1:38  Command Center  
  20  1:46  Supply Depot  
  20  1:52  SCV  
  21  1:59  Marine  
  22  2:05  SCV  
  22  2:06  Factory  
  23  2:11  Refinery  
  23  2:15  Bunker  
  23  2:17  SCV  
  23  2:22  Barracks Reactor  
  24  2:29  SCV  
  25  2:41  SCV  
  26  2:50  Hellion  
  28  2:51  Starport  
  28  2:53  Orbital Command, SCV  
  29  2:58  Marine  
  29  2:59  Marine  
  31  3:05  SCV  
  31  3:11  Cyclone  
  34  3:16  Marine x2  
  36  3:20  SCV  
  36  3:23  SCV  
  38  3:29  Viking  
  38  3:33  Supply Depot  
  39  3:34  Marine x2  
  39  3:36  SCV  
  39  3:39  SCV  
  43  3:49  Barracks, SCV  
  43  3:51  SCV  
  44  3:57  Barracks  
  44  3:59  Marine x2  
  44  4:00  Starport Tech Lab, Factory Tech Lab  
  46  4:04  SCV x2  
  48  4:11  Supply Depot  
  48  4:16  SCV  
  49  4:19  Marine x2  
  51  4:26  SCV  
  51  4:27  Supply Depot  
  51  4:28  SCV  
  51  4:31  Factory Reactor, Engineering Bay  
  53  4:32  Starport Reactor  
  53  4:38  SCV, Marine x2  
  55  4:40  SCV  
  55  4:45  Refinery  
  55  4:46  Stimpack  
  55  4:47  Marine  
  55  4:50  SCV, Supply Depot  
  55  4:52  SCV  
  58  4:54  Marine  
  58  4:55  Combat Shield  
  58  4:57  Marine x2  
  61  5:01  Terran Infantry Weapons Level 1  
  61  5:03  SCV  
  61  5:04  SCV  
  63  5:09  Marauder  
  63  5:12  Widow Mine, Marauder  
  71  5:14  Widow Mine  
  71  5:17  SCV x2  
  71  5:20  Marine  
  75  5:23  Medivac  
  75  5:27  Supply Depot, Medivac  
  78  5:32  Refinery  
  78  5:33  Marauder x2  
  81  5:36  Marine  
  81  5:38  Marine  
  81  5:40  Widow Mine  
  85  5:43  SCV  
  85  5:49  Widow Mine, Supply Depot, SCV  
  89  5:51  Supply Depot  
  89  5:54  Medivac, Marine  
  94  5:57  Marauder  
  94  6:06  Supply Depot  
  94  6:11  Marauder, Widow Mine, SCV x2, Medivac  
  102  6:12  Marine  
  102  6:14  Marine  
  104  6:19  Widow Mine  
  104  6:21  Marauder  
  108  6:26  Medivac  
  108  6:30  Concussive Shells  
  110  6:34  Marine x2  
  110  6:35  Marine  
  113  6:42  Marine, SCV x2  
  113  6:43  Supply Depot  
  116  6:52  Marine x2  
  118  6:58  Marine  
Show
View Real Time Build Order
Export as new Build Order

Harstem Protoss 

Build Orders: 1 Gate Expand, Oracle Opening, Phoenix Opening 

Get SALT Encoding   

  12  0:00  Probe  
  13  0:12  Probe  
  14  0:17  Pylon  
  14  0:24  Probe (Chrono Boost)  
  15  0:36  Gateway, Probe (Chrono Boost)  
  16  0:44  Probe (Chrono Boost)  
  16  0:46  Assimilator  
  17  0:51  Probe  
  18  1:03  Probe  
  19  1:18  Nexus  
  19  1:28  Cybernetics Core  
  19  1:30  Probe  
  20  1:35  Assimilator  
  20  1:42  Probe  
  20  1:45  Pylon  
  21  1:54  Probe  
  22  2:01  Adept (Chrono Boost)  
  22  2:06  Probe  
  25  2:16  Stargate  
  25  2:18  Probe  
  25  2:21  Adept (Chrono Boost)  
  28  2:31  Warp Gate, Probe (Chrono Boost)  
  28  2:34  Probe (Chrono Boost)  
  30  2:42  Probe (Chrono Boost)  
  32  2:45  Probe (Chrono Boost)  
  32  2:47  Probe (Chrono Boost)  
  35  2:55  Probe  
  35  2:57  Probe  
  37  3:00  Oracle (Chrono Boost)  
  38  3:07  Stalker, Probe  
  38  3:09  Probe  
  42  3:19  Pylon, Probe  
  43  3:21  Probe  
  44  3:30  Nexus  
  44  3:31  Probe  
  45  3:37  Probe, Phoenix  
  48  3:43  Probe  
  49  3:49  Probe, Pylon  
  50  3:55  Probe  
  50  3:56  Gateway  
  50  4:01  Probe  
  50  4:02  Phoenix (Chrono Boost)  
  54  4:03  Assimilator  
  54  4:08  Twilight Council  
  54  4:11  Probe  
  54  4:13  Probe  
  53  4:23  Probe  
  54  4:25  Probe  
  54  4:27  Forge  
  55  4:32  Phoenix  
  55  4:35  Probe  
  55  4:36  Pylon  
  55  4:37  Probe  
  59  4:42  Sentry, Probe  
  59  4:45  Pylon, Charge (Chrono Boost)  
  62  4:47  Probe  
  62  4:50  Probe  
  64  4:54  Protoss Ground Armor Level 1 (Chrono Boost), Probe  
  64  4:59  Probe  
  66  5:02  Probe  
  66  5:06  Zealot  
  66  5:07  Stalker, Pylon  
  69  5:10  Probe  
  69  5:11  Probe  
  69  5:12  Gateway  
  69  5:13  Gateway  
  73  5:15  Probe  
  74  5:23  Probe  
  74  5:25  Phoenix (Chrono Boost)  
  74  5:27  Probe  
  79  5:29  Zealot  
  79  5:31  Gateway  
  79  5:33  Gateway  
  80  5:36  Probe  
  80  5:40  Gateway  
  80  5:42  Gateway  
  81  5:44  Robotics Facility  
  81  5:47  Phoenix (Chrono Boost), Probe  
  81  5:48  Assimilator  
  84  5:53  Probe  
  84  5:56  Zealot x2  
  89  6:00  Shield Battery  
  89  6:01  Probe  
  89  6:02  Pylon  
  90  6:05  Pylon, Phoenix (Chrono Boost)  
  92  6:12  Zealot  
  92  6:13  Zealot  
  92  6:16  Zealot x2  
  100  6:20  Pylon  
  100  6:24  Probe  
  102  6:34  Zealot x3  
  102  6:35  Nexus  
  102  6:36  Immortal (Chrono Boost)  
  111  6:40  Sentry  
  111  6:45  Pylon  
  113  6:48  Robotics Bay  
  113  6:50  Zealot  
  115  6:54  Zealot x2  
  115  7:02  Zealot x4  
  111  7:10  Zealot  
  111  7:14  Zealot  
  93  7:16  Zealot x2  

Tags
 
Add a new tag
Caveats
  • Supply blocks, unpowered buildings, or Contaminate may cause inaccurate times.
  • Supply counts are checked every 10 seconds.